 Dungeon Crawl Stone Soup version 0.16.0-17-g811c1d7 (webtiles) character file.

22 rort the Skirmisher (level 2, -10/19 HPs)
             Began as a Gargoyle Berserker on Mar 20, 2015.
             Was a Follower of Trog.
             Killed by divine providence
             ... invoked by an orc priest
              (16 damage)
             ... on level 4 of the Dungeon.
             The game lasted 00:08:54 (1000 turns).

rort the Skirmisher (Gargoyle Berserker)            Turns: 1000, Time: 00:08:54

Health: -10/19     AC: 10    Str: 20    XL:     2   Next: 91%
Magic:  2/2        EV: 10    Int:  7    God:    Trog [*.....]
Gold:   19         SH:  0    Dex:  9    Spells: 0 memorised, 1 level left

rFire  . . .     SeeInvis .     a - +1 mace
rCold  . . .     Clarity  .     h - +0 scale mail
rNeg   + . .     SustAb   .     (no shield)
rPois  ∞         Gourm    .     (no helmet)
rElec  +         Spirit   .     g - +0 cloak
rCorr  .         Warding  .     (no gloves)
rMut   .         Stasis   .     (no boots)
MR     .....                    (no amulet)
Stlth  ..........               (no ring)
                                (no ring)

@: not resistant to hostile enchantments, extremely unstealthy
A: negative energy resistance 1, electricity resistance, unbreathing,
petrification resistance, rot immunity, AC +2
a: Burn Spellbooks, Berserk, Renounce Religion


You were on level 4 of the Dungeon.
You worshipped Trog.
Trog was aware of your devotion.
You were not hungry.

You visited 1 branch of the dungeon, and saw 4 of its levels.

You collected 19 gold pieces.

Inventory:

Hand weapons
 a - a +1 mace (weapon)
 d - a +0 dagger
 f - a +0 club
 l - a cursed +0 whip
 m - a +0 short sword
 r - a +2 vampiric whip
 s - a +1 flail of crushing
Missiles
 e - 18 stones (quivered)
 i - 11 javelins
 v - 19 sling bullets
Armour
 b - a +0 animal skin
 g - a +0 cloak (worn)
 h - a +0 scale mail (worn)
 q - a +0 ring mail
Scrolls
 p - a scroll of fear {unknown}
 t - a scroll of identify {unknown}
 u - a scroll of enchant weapon
Potions
 j - a potion of mutation {unknown}
 k - a potion of magic {unknown}
Comestibles
 c - a bread ration
 n - a slice of pizza
 o - a meat ration


   Skills:
 + Level 3.6 Fighting
 + Level 3.5 Maces & Flails
 + Level 2.5 Armour
 + Level 1.6 Dodging


You had one spell level left.
You didn't know any spells.

Dungeon Overview and Level Annotations

Branches:
Dungeon (4/15)
 Temple: D:4-7

Altars:

Annotations:
D:3 Sharkman1231's ghost, average TeAK
D:4 Eustachio


Innate Abilities, Weirdness & Mutations

You are resistant to torment.
You are immune to poison.
Your stone body is very resilient (AC +2).
You resist negative energy.
You are resistant to electric shocks.
You can survive without breathing.
You are immune to petrification.
You are immune to rotting.


Message History

There is a stone staircase leading down here.
Sharkman1231's ghost hits you but does no damage.
You climb downwards.
A hound, an orc wizard and Eustachio come into view.
Eustachio shouts!
The hound barks!
The orc wizard shouts!
Found three items.
There is a stone staircase leading up here.
Eustachio casts a spell.
Eustachio blinks!
An orc priest and an orc wizard come into view.
The orc wizard shouts!
The orc priest shouts!
The orc wizard moves out of view.
Eustachio gestures wildly while chanting.
Eustachio blinks!
An orc priest and an orc wizard come into view.
The orc priest shouts!
The orc priest mumbles some strange prayers to Beogh against you.
Something smites you!
Ouch! That really hurt!
You die... . .oo

## .. ....
.#o o.
#.###.##
#.....##
#...@.#
#.....[.#
#...h!....#
+.....@...+
#.........#
##.......##
#......##
.#....# +#$


You could see Eustachio, a hound, 2 orc priests and 2 orc wizards.

Vanquished Creatures
  2 adders (D:3)
  A giant cockroach (D:1)
  3 goblins
  2 hobgoblins
  4 kobolds
  2 giant newts (D:1)
  3 rats (D:1)
17 creatures vanquished.

Notes
Turn   | Place    | Note
--------------------------------------------------------------
     0 | D:1      | rort, the Gargoyle Berserker, began the quest for the Orb.
     0 | D:1      | Reached XP level 1. HP: 14/14 MP: 1/1
   499 | D:1      | Reached XP level 2. HP: 17/19 MP: 2/2
   875 | D:2      | You fall through a shaft!
   921 | D:3      | Noticed Sharkman1231's ghost (average TeAK)
   997 | D:4      | Noticed Eustachio
  1000 | D:4      | Killed from afar by an orc priest

Action                   || total
-------------------------++-------
Melee: Mace              ||    44
  Use: Scroll            ||     2
